 Dungeon Crawl Stone Soup version 0.32-a0-468-g38b2580584 (webtiles) character file.

Game seed: 12083018387021598318

46 ezpacito the Trooper (level 3, -3/29 HPs)
             Began as a Demonspawn Chaos Knight on Feb 25, 2024.
             Was a Plaything of Xom.
             Slain by a gnoll
             ... wielding a +1 spear of chaos
              (7 damage)
             ... on level 2 of the Dungeon.
             The game lasted 00:01:29 (786 turns).

ezpacito the Trooper (Demonspawn Chaos Knight)       Turns: 786, Time: 00:01:30

Health: -3/29      AC:  6    Str: 14    XL:     3   Next: 44%
Magic:  4/4        EV:  8    Int: 12    God:    Xom [.....*]
Gold:   135        SH:  0    Dex: 12    Spells: 3/3 levels left

rFire   . . .        a - +0 hand axe (chaos)
rCold   . . .        (no shield)
rNeg    . . .        b - +2 leather armour
rPois   .            (no helmet)
rElec   .            g - +0 cloak
rCorr   .            (no gloves)
SInv    .            (no boots)
Will    .....        (no amulet)
Stlth   +            (no ring)
HPRegen 0.24/turn    (no ring)
MPRegen 0.09/turn

%: no passive effects
@: mighty, lethally poisoned (-3 -> -10), constricted
A: ignite blood 1, demonic touch 1
a: Renounce Religion


You were on level 2 of the Dungeon.
You worshipped Xom.
You were Xom's teddy bear.
You visited 1 branch of the dungeon, and saw 2 of its levels.

You collected 135 gold pieces.

Inventory:

Hand Weapons
 a - a +0 hand axe of chaos (weapon)
 m - a +1 vampiric war axe
Armour
 b - a +2 leather armour (worn)
 g - a +0 cloak (worn)
 j - a +0 chain mail
Scrolls
 c - a scroll of butterflies
 e - a scroll of teleportation {unknown}
 f - a scroll of enchant armour {unknown}
 h - a scroll of enchant weapon {unknown}
 i - a scroll of fog {unknown}
 k - a scroll of vulnerability {unknown}
Potions
 d - a potion of cancellation


   Skills:
 * Level 3.1 Fighting
 * Level 2.9(3.0) Axes
 + Level 0.5(1.9) Polearms
 * Level 2.0 Armour
 * Level 1.4 Dodging
 + Level 0.6 Stealth
 * Level 0.9 Unarmed Combat
 * Level 0.9 Spellcasting


You had 3 spell levels left.
You didn't know any spells.
Your spell library contained the following spells:

 Spells                   Type           Power      Damage    Failure   Level
 Hailstorm                Conj/Ice       0%         3d5       75%         3
 Inner Flame              Hex/Fire       0%         N/A       75%         3
 Summon Ice Beast         Ice/Summ       0%         N/A       75%         3
 Flame Wave               Conj/Fire      0%         2d4       98%         4
 Sticky Flame             Fire/Alch      0%         2d4       98%         4
 Sculpt Simulacrum        Ice/Alch       0%         N/A       100%        6


Dungeon Overview and Level Annotations

Branches:
Dungeon (2/15)

Altars:


Innate Abilities, Weirdness & Mutations

Your demonic aura sometimes causes spilled blood to erupt in flames.
Your touch may inflict minor irresistible damage on your foes.


Message History

You barely miss the gnoll. Your touch misses the gnoll.
You hit the gnoll but do no damage. You hit the gnoll.
The gnoll is poisoned.
You closely miss the ball python. The gnoll hits you with a +0 spear.
The gnoll is engulfed in blazing flames.
You kill the gnoll!
The gnoll barely misses you. The ball python bites you.
* * * LOW HITPOINT WARNING * * *
The ball python constricts you.
* * * LOW HITPOINT WARNING * * *
Your Armour skill increases to level 2!
It was a potion of cancellation.
You feel magically purged.
Xom is amused. "Have a taste of chaos, mortal."
The gnoll's +0 spear erupts in a glittering mayhem of colour.
You are now Xom's teddy bear.
The gnoll closely misses you.
The ball python bites you but does no damage.
The ball python constricts you. The gnoll hits you with a +0 flail.
* * * LOW HITPOINT WARNING * * *
There is nothing to cancel.
It was a potion of might.
You feel very mighty all of a sudden. The gnoll hits you but does no damage.
You are lethally poisoned!
The ball python bites you but does no damage.
The ball python constricts you. The gnoll barely misses you.
You slash the gnoll!
You feel better.
The gnoll is heavily wounded.
You closely miss the ball python. You hit the gnoll.
* * * LOW HITPOINT WARNING * * *
You feel very sick.
The ball python bites you but does no damage.
The ball python constricts you.
The gnoll hits you with a +1 spear of chaos.
* * * LOW HITPOINT WARNING * * *
The gnoll is engulfed in blazing flames.
You kill the gnoll!
The ball python completely misses you. The ball python constricts you.
The gnoll hits you with a +1 spear of chaos!
You die...

###########
#.........#
#.........#
#......$..#
#....!.....
#.........#
#.g.).....#
#####.○@S.....#
#......#####.##
####### #......##
..# #......
#....<..# #.#
#...... #####.#.##
#.# #...... #.#..##
#.# #......
#.##..###.## #......
#.<......).# #......
######..#..###......


You could see a gnoll and a ball python.

Vanquished Creatures
  2 gnolls (D:2)
  2 dart slugs (D:1)
  2 endoplasms (D:1)
  A giant cockroach (D:1)
  4 goblins
  2 hobgoblins (D:1)
  4 quokkas
  3 ball pythons
  2 bats (D:2)
  3 frilled lizards
  3 kobolds
  2 rats (D:2)
30 creatures vanquished.

Notes
Turn   | Place    | Note
-------+----------+-------------------------------------------
     0 | D:1      | ezpacito the Demonspawn Chaos Knight began the quest for
                  | the Orb.
     0 | D:1      | Reached XP level 1. HP: 18/18 MP: 1/1
    82 | D:1      | XOM: divination: detect items
    84 | D:1      | Reached skill level 1 in Dodging
   137 | D:1      | Gained mutation: Your demonic aura sometimes causes spilled
                  | blood to erupt in flames. [demonic ancestry]
   137 | D:1      | Reached XP level 2. HP: 24/24 MP: 2/2
   174 | D:1      | Found a faded altar of an unknown god.
   386 | D:1      | XOM: smoke on damage
   568 | D:2      | XOM: divination: magic mapping
   619 | D:2      | XOM: confuse monster(s)
   624 | D:2      | Gained mutation: Your touch may inflict minor irresistible
                  | damage on your foes. [demonic ancestry]
   624 | D:2      | Reached XP level 3. HP: 29/29 MP: 4/4
   781 | D:2      | XOM: enchant monster (good)
   784 | D:2      | XOM: chaos upgrade
   786 | D:2      | Slain by a gnoll

Illustrated notes

Levels and vault maps discovered:
D:1:      evilmike_arrival_crescent, layout_rooms,
          hellmonk_ecumenical_altar_slurped_away
D:2:      layout_rooms

Skill      XL: |  1  2  3 |
---------------+----------+-----
Dodging        | 1 |  1.4
Armour         | 2 |  2.0
Fighting       | |  3.1
Axes           | |  2.9
Polearms       | |  0.5
Stealth        | |  0.6
Unarmed Combat | |  0.9
Spellcasting   | |  0.9

Action                     || total
---------------------------++-------
  Melee: Hand axe          ||    76
    Use: Potion            ||     2
   Stab: Sleeping          ||     1
 Armour: Leather armour    ||    59
  Dodge: Dodged            ||    53

Table legend: (Time is in decaauts)
 A = Elapsed time spent in this place.
 B = Non-inter-level travel time spent in this place.
 C = Inter-level travel time spent in this place.
 D = Time resting spent in this place.
 E = Time spent auto-exploring this place.
 F = Levels seen in this place.
 G = Mean time per level.
                   A        B        C        D        E       F      G
               +--------+--------+--------+--------+--------+-----+--------+
         Total |    797 |    760 |     37 |      0 |    563 |   2 |  398.5 |
       Dungeon |    797 |    760 |     37 |      0 |    563 |   2 |  398.5 |
               +--------+--------+--------+--------+--------+-----+--------+

Top non-repeatable levels by time:
     D:1: 534 daAuts
     D:2: 263 daAuts
